 Dungeon Crawl Stone Soup version 0.17.1-3-g152610e (webtiles) character file.

193 inmateoo the Slasher (level 5, 0/37 HPs)
             Began as a High Elf Fighter on Feb 22, 2016.
             Was a Believer of Kikubaaqudgha.
             Killed from afar by an orc wizard (7 damage)
             ... with a puff of flame
             ... on level 3 of the Dungeon.
             The game lasted 00:03:15 (2645 turns).

inmateoo the Slasher (High Elf Fighter)             Turns: 2645, Time: 00:03:15

Health: 0/37       AC:  9    Str: 16    XL:     5   Next: 43%
Magic:  6/6        EV:  7    Int: 12    God:    Kikubaaqudgha [**....]
Gold:   150        SH:  9    Dex: 14    Spells: 0 memorised, 4 levels left

rFire  . . .     SeeInvis .     a - +0 long sword
rCold  . . .     Clarity  .     b - +0 scale mail
rNeg   . . .     SustAt   .     c - +0 shield
rPois  .         Gourm    .     q - +0 helmet
rElec  .         Spirit   .     g - +0 cloak
rCorr  .         Warding  .     (no gloves)
rMut   .         Stasis   .     (no boots)
MR     .....                    (no amulet)
Stlth  ..........               (no ring)
                                (no ring)

@: not resistant to hostile enchantments, extremely unstealthy
A: no striking features
a: Receive Corpses, Renounce Religion


You were on level 3 of the Dungeon.
You worshipped Kikubaaqudgha.
Kikubaaqudgha was pleased with you.
You were not hungry.

You visited 1 branch of the dungeon, and saw 3 of its levels.

You collected 150 gold pieces.

Inventory:

Hand Weapons
 a - a +0 long sword (weapon)
Armour
 b - a +0 scale mail (worn)
 c - a +0 shield (worn)
 g - a +0 cloak (worn)
 q - a +0 helmet (worn)
Scrolls
 h - a scroll of noise
 j - a scroll of magic mapping {unknown}
 l - a scroll of teleportation
 r - 2 scrolls of remove curse
Potions
 d - a potion of might
 f - a potion of mutation {unknown}
 i - a potion of cancellation {unknown}
 k - a potion of cure mutation {unknown}
 m - a potion of heal wounds {unknown}
 p - a potion of haste
Books
 o - Kikubaaqudgha's Disquisition on Darkness
   (Kikubaaqudgha gifted it to you on level 2 of the Dungeon)

   Spells                             Type                      Level
   a - Animate Skeleton               Necromancy                   1
   b - Corpse Rot                     Necromancy                   2
   c - Sublimation of Blood           Necromancy                   2
   d - Vampiric Draining              Necromancy                   3
   e - Control Undead                 Necromancy                   4
Comestibles
 e - 2 bread rations


   Skills:
 + Level 3.7 Fighting
 * Level 4.1 Long Blades
 + Level 3.5 Armour
 + Level 3.4 Shields
 + Level 1.3 Necromancy


You had 4 spell levels left.
You didn't know any spells.

Dungeon Overview and Level Annotations

Branches:
Dungeon (3/15)

Altars:
Elyvilon
Kikubaaqudgha


Message History

The puff of flame hits you!
You hit the orc wizard but do no damage.
The orc wizard is heavily wounded.
The orc wizard hits you but does no damage.
You hit the orc wizard.
The orc wizard is almost dead.
You block the orc wizard's attack.
The orc wizard hits you but does no damage.
You closely miss the orc wizard.
The orc wizard is almost dead.
The orc wizard points at you and mumbles some strange words.
The puff of flame hits you!
* * * LOW HITPOINT WARNING * * *
The orc wizard hits you but does no damage.
You closely miss the orc wizard.
The orc wizard is almost dead.
The orc wizard points at you and mumbles some strange words.
The puff of flame hits you!
You die...
Kikubaaqudgha rasps: "You have failed me!
Welcome... death!"

##...## #.# #(# ##.## #.## #(#
#.# #..# #o# #.# ##.# ##(# #.#
##.## #..# ###
#.########..†#####o## .>#
#...............##.# #.#
##########...##.##o## #.#
##@###.#...####### #.# #o#
#........(... #<######
###o###.....######.#
#......#######..........o{.......
........................##<###..#
.)####.#..####.#####.............
######.#..# #.# ##.####.###^.#
...##.....# #.# #.# #.# #
##........# #.# #.# #S#


You could see an orc wizard and an orc.

Vanquished Creatures
  2 orc wizards
  3 adders
  5 gnolls
  A worm (D:3)
  A giant gecko (D:3)
  4 orcs (D:3)
  A ball python (D:2)
  5 bats
  6 goblins
  6 hobgoblins
  5 jackals
  4 giant cockroaches
  2 giant newts
  8 kobolds
  3 rats
56 creatures vanquished.

Notes
Turn   | Place    | Note
--------------------------------------------------------------
     0 | D:1      | inmateoo the High Elf Fighter began the quest for the Orb.
     0 | D:1      | Reached XP level 1. HP: 16/16 MP: 2/2
   251 | D:1      | Reached XP level 2. HP: 21/21 MP: 3/3
   716 | D:2      | Found a faded altar to an unknown god.
   745 | D:2      | Reached XP level 3. HP: 17/26 MP: 4/4
   748 | D:2      | Became a worshipper of Kikubaaqudgha
   748 | D:2      | Reached * piety under Kikubaaqudgha
   748 | D:2      | Received a gift from Kikubaaqudgha
   748 | D:2      | Identified Kikubaaqudgha's Disquisition on Darkness (Kikubaaqudgha gifted it to you on level 2 of the Dungeon)
  1291 | D:3      | Reached XP level 4. HP: 10/31 MP: 5/5
  1802 | D:2      | Found a white marble altar of Elyvilon.
  2107 | D:3      | Reached skill level 1 in Necromancy
  2338 | D:3      | Reached ** piety under Kikubaaqudgha
  2405 | D:3      | Reached XP level 5. HP: 29/36 MP: 6/6
  2437 | D:2      | Reached skill level 4 in Long Blades
  2645 | D:3      | Killed from afar by an orc wizard

Action                   |  1- 3 |  4- 6 || total
-------------------------+-------+-------++-------
Melee: Long sword        |   144 |   106 ||   250
  Use: Scroll            |       |     7 ||     7
  Eat: Chunk             |     1 |     5 ||     6
